 Dungeon Crawl Stone Soup version 0.16.0-11-gd45b091 (webtiles) character file.

139 Sorcv the Covert (level 5, -3/28 HPs)
             Began as a Kobold Enchanter on Mar 17, 2015.
             Slain by a giant frog (4 damage)
             ... on level 3 of the Dungeon.
             The game lasted 00:06:56 (1530 turns).

Sorcv the Covert (Kobold Enchanter)                 Turns: 1530, Time: 00:06:56

Health: -3/28      AC:  5    Str:  6      XL:     5   Next: 46%
Magic:  2/9        EV: 15    Int: 13      God:
Gold:   148        SH:  0    Dex: 15 (18) Spells: 3 memorised, 2 levels left

rFire  . . .     SeeInvis .     a - +1 dagger
rCold  . . .     Clarity  .     b - +1 robe
rNeg   . . .     SustAb   .     (no shield)
rPois  .         Gourm    .     (no helmet)
rElec  .         Spirit   .     g - +0 cloak
rCorr  .         Warding  .     k - +0 pair of gloves
rMut   .         Stasis   .     (no boots)
MR     .....                    (no amulet)
Stlth  ++........               (no ring)
                                (no ring)

@: about to teleport, very slightly contaminated, not resistant to hostile
enchantments, unstealthy
A: carnivore 3
a: no special abilities


You were on level 3 of the Dungeon.
You were not hungry.

You visited 1 branch of the dungeon, and saw 3 of its levels.
You also visited: Sewer.

You collected 148 gold pieces.

Inventory:

Hand weapons
 a - a +1 dagger (weapon)
Armour
 b - a +1 robe (worn)
 g - a +0 cloak (worn)
 k - a +0 pair of gloves (worn)
Magical devices
 j - a wand of frost (14)
Scrolls
 e - 2 scrolls of teleportation
 f - a scroll of random uselessness {unknown}
 n - a scroll of recharging {unknown}
 o - a scroll of remove curse {unknown}
 p - 2 scrolls of blinking {unknown}
 r - a scroll of fear {unknown}
Potions
 h - a potion of might
 i - a potion of poison {unknown}
 l - a potion of curing {unknown}
 q - 2 potions of heal wounds {unknown}
Books
 c - a book of Maledictions

   Spells                             Type                      Level
   a - Corona                         Hexes                        1
   b - Sure Blade                     Hexes/Charms                 2
   c - Ensorcelled Hibernation        Hexes/Ice                    2
   d - Confuse                        Hexes                        3
   e - Dazzling Spray                 Conjuration/Hexes            3
   f - Enslavement                    Hexes                        4
Comestibles
 d - a meat ration
 m - a beef jerky


   Skills:
 - Level 1.3 Short Blades
 - Level 2.4 Dodging
 + Level 8.1 Stealth
 - Level 2.0 Spellcasting
 - Level 3.0 Hexes


You had 2 spell levels left.
You knew the following spells:

 Your Spells              Type           Power        Failure   Level  Hunger
a - Corona                Hex            #......      10%         1    ##.....
b - Ensorcelled Hibernat  Hex/Ice        #.....       21%         2    ###....
c - Confuse               Hex            #.......     21%         3    ####...


Dungeon Overview and Level Annotations

Branches:
Dungeon (3/15)

Altars:
Cheibriados

Annotations:
D:3 Robin


Innate Abilities, Weirdness & Mutations

You are small and have problems with some larger weapons.
You are carnivorous and can eat meat at any time.


Message History

The giant frog hits you.
* * * LOW HITPOINT WARNING * * *
The giant frog hits you.
* * * LOW HITPOINT WARNING * * *
Welcome back to the Dungeon!
Level annotation: Robin
There is a collapsed entrance here.
Read which item? (? for menu, Esc to quit)
As you read the scroll of teleportation, it crumbles to dust.
You feel strangely unstable. The giant frog hits you.
* * * LOW HITPOINT WARNING * * *
The giant frog barely misses you.
Drink which item? (? for menu, Esc to quit)
Okay, then.
You enter the shallow water.
Moving in this stuff is going to be slow.
The giant frog hits you.
* * * LOW HITPOINT WARNING * * *
The giant frog hits you.
You die...

### #.. #.##
...+
..###########.#
#..≈≈≈≈F@≈≈≈..#
#..≈≈≈≈F≈≈≈≈..#
##.≈≈≈≈≈÷≈≈≈..#
############.#
..#..# #.#..#
#.#..# #.#..#
#.#..#


You could see 2 giant frogs.

Vanquished Creatures
  Terence (D:3)
  2 adders
  6 giant mites
  A worm (D:3)
  4 giant geckos
  An ooze (D:1)
  3 bats
  12 giant cockroaches
  5 goblins
  3 hobgoblins
  6 jackals (D:1)
  A quokka (D:2)
  6 ball pythons
  3 giant newts (D:1)
  4 kobolds
  A rat (D:1)
59 creatures vanquished.

Notes
Turn   | Place    | Note
--------------------------------------------------------------
     0 | D:1      | Sorcv, the Kobold Enchanter, began the quest for the Orb.
     0 | D:1      | Reached XP level 1. HP: 10/10 MP: 3/3
    85 | D:1      | Reached XP level 2. HP: 13/15 MP: 4/4
   264 | D:1      | Reached skill level 5 in Stealth
   352 | D:1      | Reached XP level 3. HP: 6/19 MP: 6/6
   359 | D:1      | Learned a level 2 spell: Ensorcelled Hibernation
   363 | D:1      | Learned a level 3 spell: Confuse
   530 | D:2      | Found a snail-covered altar of Cheibriados.
   702 | D:2      | Noticed an orc warrior
   709 | D:2      | Reached skill level 6 in Stealth
   829 | D:2      | Noticed Terence
   861 | D:3      | Killed Terence
   861 | D:3      | Reached XP level 4. HP: 3/24 MP: 3/7
   877 | D:3      | Noticed Robin
  1122 | D:3      | Found a glowing drain.
  1124 | D:3      | Reached skill level 7 in Stealth
  1154 | Sewer    | Entered a sewer
  1163 | Sewer    | Reached XP level 5. HP: 18/28 MP: 9/9
  1453 | Sewer    | Reached skill level 8 in Stealth
  1468 | Sewer    | Noticed a giant frog
  1509 | Sewer    | Noticed a giant frog
  1530 | D:3      | HP: 1/28 [giant frog (2)]
  1530 | D:3      | Slain by a giant frog

Action                   |  1- 3 |  4- 6 || total
-------------------------+-------+-------++-------
Melee: Dagger            |    89 |   101 ||   190
 Cast: Confuse           |     4 |       ||     4
       Ensorcelled Hiber |     1 |     4 ||     5
  Use: Potion            |     1 |     2 ||     3
       Scroll            |       |     2 ||     2
 Stab: Sleeping          |     6 |     6 ||    12
       Confused          |     1 |       ||     1
       Distracted        |       |     2 ||     2
  Eat: Chunk             |     4 |     1 ||     5
